 Dungeon Sprint DCSS version 0.17-a0-1508-ge7f3dc3 (webtiles) character file.

2 Kidiri the Covered (level 1, 0/14 HPs)
             Began as a Gargoyle Fighter on July 10, 2015.
             Was an Initiate of Okawaru.
             Slain by a worker ant (4 damage)
             ... in the Dungeon (Sprint VII: "The Pits").
             The game lasted 00:00:42 (83 turns).

Kidiri the Covered (Gargoyle Fighter)                 Turns: 83, Time: 00:00:42

Health: 0/14       AC:  9    Str: 19    XL:     1   Next: 30%
Magic:  1/1        EV:  7    Int:  8    God:    Okawaru [......]
Gold:   0          SH:  9    Dex:  9    Spells: 0 memorised, 0 levels left

rFire  . . .     SeeInvis .     m - +2 mace
rCold  . . .     Clarity  .     b - +0 scale mail
rNeg   + . .     SustAt   .     c - +0 shield
rPois  ∞         Gourm    .     (no helmet)
rElec  +         Spirit   .     (no cloak)
rCorr  .         Warding  .     (no gloves)
rMut   .         NoTele   +     (no boots)
MR     .....                    (no amulet)
Stlth  ..........               (no ring)
                                (no ring)

@: not resistant to hostile enchantments, extremely unstealthy
A: negative energy resistance 1, electricity resistance, unbreathing,
petrification resistance, rot immunity, AC +2
a: Renounce Religion


You were in the Dungeon.
You worshipped Okawaru.
Okawaru was noncommittal.
You were not hungry.

You visited 1 branch

Inventory:

Hand weapons
 m - a +2 mace (weapon)
Armour
 b - a +0 scale mail (worn)
 c - a +0 shield (worn)
Scrolls
 k - a scroll of blinking
 p - 3 scrolls of remove curse
 q - 5 scrolls of amnesia
 r - a scroll of summoning
Potions
 d - a potion of might
 f - a potion of curing
 g - a potion of heal wounds
 h - a potion of haste
 i - 4 potions of magic
 j - 3 potions of berserk rage
 o - 2 potions of invisibility
Comestibles
 a - 40 fruits
 e - 8 bread rations
 l - a chunk of flesh
 n - 7 meat rations


   Skills:
 + Level 3.4 Fighting
 + Level 2.1 Maces & Flails
 * Level 3.7 Armour
 + Level 0.5 Stealth
 * Level 3.6 Shields


You couldn't memorise any spells.
You didn't know any spells.

Dungeon Overview and Level Annotations

Branches:
Dungeon (1/1)

Altars:
Ashenzari
Cheibriados
Dithmenos
Elyvilon
Fedhas
Gozag
Kikubaaqudgha
Makhleb
Nemelex Xobeh
Okawaru
Qazlal
Ru
Sif Muna
Trog
Vehumet
Xom
Yredelemnul
Zin
The Shining One
Beogh
Jiyva
Lugonu


Innate Abilities, Weirdness & Mutations

You are resistant to torment.
Your stone body is resilient (AC +2).
You are immune to poison.
You resist negative energy.
You are resistant to electric shocks.
You can survive without breathing.
You are immune to petrification.
You are immune to rotting.


Message History

The worker ant barely misses you. The worker ant bites you.
You hit the worker ant but do no damage.
The worker ant is moderately wounded.
The worker ant bites you.
The worker ant bites you but does no damage.
You hit the worker ant.
The worker ant is heavily wounded.
The worker ant closely misses you.
You barely miss the worker ant.
The worker ant is heavily wounded.
The worker ant barely misses you. You block the worker ant's attack.
You barely miss the worker ant.
The worker ant is heavily wounded.
You block the worker ant's attack.
You sock the worker ant!
The worker ant is almost dead.
The worker ant bites you.
* * * LOW HITPOINT WARNING * * *
The worker ant bites you.
You die...

############
#__________#
#__________#
#.#####+##############++
#_#)))+.+..##...........
#_#)))#.#?(##......#..#.
#######'#####...........
#........ga@'...........
#+#####'#####......#..#.
#..# #........... +..#
####+#####++ ####
#.......# #.......#
#.......# #...<...#
#.......#


You could see a worker ant and a hobgoblin.

Vanquished Creatures
  An orc (D)
1 creature vanquished.

Notes
Turn   | Place    | Note
--------------------------------------------------------------
     0 | D        | Kidiri the Gargoyle Fighter began the quest for the Orb.
     0 | D        | Reached XP level 1. HP: 14/14 MP: 1/1
    25 | D        | Found a sacrificial altar of Ru.
    25 | D        | Found a basalt altar of Yredelemnul.
    25 | D        | Found a shadowy altar of Dithmenos.
    25 | D        | Found a deep blue altar of Sif Muna.
    25 | D        | Found a burning altar of Makhleb.
    25 | D        | Found a shimmering altar of Xom.
    25 | D        | Found an ancient bone altar of Kikubaaqudgha.
    25 | D        | Found a sparkling altar of Nemelex Xobeh.
    26 | D        | Found a glowing golden altar of the Shining One.
    26 | D        | Found a bloodstained altar of Trog.
    26 | D        | Found a shattered altar of Ashenzari.
    26 | D        | Found a white marble altar of Elyvilon.
    26 | D        | Found a snail-covered altar of Cheibriados.
    26 | D        | Found a blossoming altar of Fedhas.
    26 | D        | Found a radiant altar of Vehumet.
    26 | D        | Found a glowing silver altar of Zin.
    26 | D        | Found a corrupted altar of Lugonu.
    26 | D        | Found a viscous altar of Jiyva.
    26 | D        | Found a roughly hewn altar of Beogh.
    26 | D        | Found an iron altar of Okawaru.
    32 | D        | Found a stormy altar of Qazlal.
    32 | D        | Found an opulent altar of Gozag.
    35 | D        | Became a worshipper of Warmaster Okawaru
    72 | D        | Noticed a worker ant
    83 | D        | Slain by a worker ant

Vault maps used:
D:        pitsprint

Action                   || total
-------------------------++-------
Melee: Mace              ||     7
       Flail             ||     3
